AoeStats
← zamithdaniel

Oasis

507340360Analyzed
3v3 RM · 16d ago on Sep 17, 2026· 32m 50s· 6 players
Game mode
Random Map
Map size
Normal (6 player)
Population
200
Speed
Normal
Resources
Standard
Victory
Conquest
Starting age
Dark Age
Ending age
Imperial Age
RankedLock teamsTeams togetherTeam positionsShared explorationLock speedFull tech treeHidden civsTurbo modeCheats
Victory
Defeat
🇧🇩 Khmer · Bangladesh
1095
+12
🇧🇩 Britons · Bangladesh
1083
+13
🇧🇩 Mongols · Bangladesh
1042
+37
🇦🇷 Franks · Argentina
1032
-13
🇩🇪 Poles · Germany
1006
-13
🇨🇴 Turks · Colombia
996
-13
I Njamsis I
6:28 Loom
11:51 Feudal Age
12:33 Horse Collar
12:47 Gold Mining
14:07 Double-Bit Axe
[Vsh]-WinZerdo
3:03 Loom
11:41 Feudal Age
16:55 Castle Age
15:22 Double-Bit Axe
19:29 Scale Barding Armor
21:00 Husbandry
24:52 Wheelbarrow
27:15 Chain Barding Armor
29:33 Hand Cart
30:41 Man-at-Arms
31:07 Gambesons
zamithdaniel
11:02 Feudal Age
11:38 Double-Bit Axe
11:36 Horse Collar
13:03 Loom
AveiroSlays
10:41 Feudal Age
8:56 Loom
11:23 Double-Bit Axe
13:36 Scale Barding Armor
18:54 Padded Archer Armor
24:04 Castle Age
23:21 Forging
23:05 Fletching
24:46 Forging
24:40 Scale Mail Armor
24:08 Pikeman
25:22 Bow Saw
26:35 Chain Barding Armor
26:51 Iron Casting
29:34 Chain Mail Armor
Roy7
8:46 Feudal Age
8:00 Loom
12:47 Fletching
18:12 Double-Bit Axe
23:15 Castle Age
21:31 Gold Mining
23:20 Crossbowman
23:58 Bodkin Arrow
24:04 Padded Archer Armor
30:26 Wheelbarrow
30:31 Town Watch
33:26 Yeomen
Crio_Death
5:39 Loom
10:08 Feudal Age
16:06 Wheelbarrow
15:24 Horse Collar
15:34 Double-Bit Axe
23:34 Gold Mining
24:42 Forging
24:32 Scale Mail Armor
24:38 Scale Barding Armor
24:33 Padded Archer Armor
24:24 Fletching
27:21 Castle Age
25:17 Town Watch
26:33 Stone Mining
28:14 Bodkin Arrow
28:06 Crossbowman
28:55 Thumb Ring
29:41 Hand Cart
32:40 Gold Shaft Mining
32:45 Stone Shaft Mining
Connection lost

Rejoining the realm…

Still unreachable

The connection could not be restored.

Session expired

The server has moved on; the page needs a fresh start.